 Dungeon Crawl Stone Soup version 0.28.0-45-g0d030f2227 (webtiles) character file.

Game seed: 18016766360722091301

14 Fartwhistle the Insei (level 2, -1/24 HPs)
             Began as a Demonspawn Monk on May 26, 2022.
             Slain by a kobold
             ... wielding a +0 club
              (3 damage)
             ... on level 1 of the Dungeon.
             The game lasted 00:02:34 (616 turns).

Fartwhistle the Insei (Demonspawn Monk)              Turns: 616, Time: 00:02:35

Health: -1/24      AC:  2    Str: 11    XL:     2   Next: 27%
Magic:  2/2        EV: 10    Int: 11    God:
Gold:   30         SH:  0    Dex: 15    Spells: 1/1 levels left

rFire   . . .      SeeInvis .   g - +2 dagger (elec)
rCold   . . .      Faith    .   (no shield)
rNeg    . . .      Spirit   .   a - +0 robe
rPois   .          Reflect  .   (no helmet)
rElec   .          Harm     .   (no cloak)
rCorr   .          Rampage  .   (no gloves)
Will    .....                   (no boots)
Stlth   ++........              (no amulet)
HPRegen 0.08/turn               (no ring)
MPRegen 0.16/turn               (no ring)

@: constricted
A: magic regeneration
a: no special abilities


You were on level 1 of the Dungeon.
You visited 1 branch of the dungeon, and saw 1 of its levels.

You collected 30 gold pieces.

Inventory:

Hand Weapons
 g - a +2 dagger of electrocution (weapon)
Missiles
 e - 4 boomerangs (quivered)
Armour
 a - a +0 robe (worn)
Scrolls
 c - a scroll of enchant armour {unknown}
 d - a scroll of identify {unknown}
 f - a scroll of immolation {unknown}
 h - a scroll of teleportation {unknown}
Potions
 b - a potion of cancellation {unknown}


   Skills:
 + Level 3.1 Fighting
 + Level 0.2 Throwing
 - Level 2.7 Dodging
 - Level 1.7 Stealth
 + Level 3.2 Unarmed Combat


You had one spell level left.
You didn't know any spells.
Your spell library was empty.

Dungeon Overview and Level Annotations

Branches:
Dungeon (1/15)

Altars:


Innate Abilities, Weirdness & Mutations

You regenerate magic rapidly.


Message History

The kobold shouts!
Found a scroll labelled BOAXTUCRIC.
A ball python comes into view.
The kobold hits you with a +0 club.
You barely miss the kobold. The kobold hits you with a +0 club.
You hit the goblin.
The goblin is moderately wounded.
The ball python hisses angrily.
The kobold barely misses you. The goblin hits you with a +0 club.
You barely miss the goblin.
The goblin is moderately wounded.
The goblin hits you with a +0 club. The kobold closely misses you.
You hit the goblin. Lightning courses through the goblin!
You kill the goblin!
The kobold completely misses you.
You completely miss the ball python. The ball python barely misses you.
The ball python closely misses you. The kobold closely misses you.
You closely miss the ball python. The ball python bites you.
The ball python grabs you. The ball python constricts you.
The kobold hits you but does no damage.
You hit the ball python but do no damage.
The ball python bites you. The ball python constricts you.
The kobold hits you but does no damage.
You are too injured to fight recklessly!
You are too injured to fight recklessly!
You are too injured to fight recklessly!
You are too injured to fight recklessly!
You escape the ball python's grasp.
The ball python bites you.
* * * LOW HITPOINT WARNING * * *
The ball python grabs you. The ball python constricts you.
You escape the ball python's grasp.
The ball python barely misses you. The ball python closely misses you.
You barely miss the kobold. The ball python bites you.
* * * LOW HITPOINT WARNING * * *
The ball python grabs you. The ball python constricts you.
The kobold hits you with a +0 club.
* * * LOW HITPOINT WARNING * * *
You barely miss the kobold. The ball python barely misses you.
The ball python constricts you. The kobold hits you with a +0 club.
You die...

..... .?..( ##### .....
.....# .... .....#
#.####...... ..
#..........###.#
####..S.).....#.#.#
#....@K..# ..#.####
#........# #...#...
##....##### #...#.#.
#.....##### ###..##.#.
#.........# ##.........
#.....###.# #....####..
#...#...#.###..........
#...#.#.#.##.....######
#####.#...##.....### #.


You could see a ball python and a kobold.

Vanquished Creatures
  2 endoplasms (D:1)
  4 goblins (D:1)
  A hobgoblin (D:1)
  A quokka (D:1)
  A ball python (D:1)
  2 frilled lizards (D:1)
  A kobold (D:1)
12 creatures vanquished.

Notes
Turn   | Place    | Note
-------+----------+-------------------------------------------
     0 | D:1      | Fartwhistle the Demonspawn Monk began the quest for the
                  | Orb.
     0 | D:1      | Reached XP level 1. HP: 18/18 MP: 1/1
   433 | D:1      | Gained mutation: You regenerate magic rapidly. [demonic
                  | ancestry]
   433 | D:1      | Reached XP level 2. HP: 24/24 MP: 2/2
   616 | D:1      | Slain by a kobold

Illustrated notes

Levels and vault maps discovered:
D:1:      psy_arrival_dodecagon, layout_basic,
          ebering_ecumenical_altar_sacrificial

Skill      XL: |  1 |
---------------+----+-----
Unarmed Combat | 3 |  3.2
Fighting       | |  3.1
Throwing       | |  0.2
Dodging        | |  2.7
Stealth        | |  1.7

Action                   || total
-------------------------++-------
Melee: Unarmed           ||    38
       Dagger            ||    12
       Punch             ||     1
 Stab: Sleeping          ||     2
       Distracted        ||     1
Armor: Robe              ||     6
Dodge: Dodged            ||    34
